← All builds
Geo sea / Cortex / Economy first / OBSERVED BUILD

Standard geo sea

Cortex Geo sea build order · Supreme Isthmus

The role's default economy-first opening: bot lab then shipyard in the cove, early frigate and destroyer with a sub, taking geo on time before transitioning into a mixed navy for the rest of the game.

Usually shipyard in the cove (98%)

#naval #eco · 1767 distinct matches · 190 players · 80% of Cortex Geo sea games · team won 53% of 2066 · Recently observed

HOW TO PLAY IT

Key timing: Bot Lab by 1:12, Shipyard by 3:17

  1. Open 3 mex into wind, then drop Bot Lab in cove.
  2. Finish Bot Lab, keep teching mex and wind.
  3. Get Shipyard up and start pumping subs and frigates.
  4. Eat the Bot Lab for metal once you have T1 units defending.
  5. Push out submarine, frigate, destroyer to contest sea.
  6. Bring geothermal online and transition toward T2 constructor.

Phase by phase

TYPICAL OF ITS 1767 GAMES
  1. 1
  2. 2
  3. 3
  4. 4
PLAY THE OPENING

Follow the example game's first 6:00 step by step: what to build now, what comes next, and where it goes. At 1× it keeps pace with your own game.

  1. 1

    Up to the Bot Lab

    Economy
    • Metal Extractor3Mex
    • Wind Turbine3Wind
    • Wind Turbine1Windfor allies
    Order
    1. Bot LabBot Lab after 3 mex, 3 winddone ~1:13, middle half 1:07–1:25

    By 0:55 in all: 3 mex · 3 wind

    The example game in this phase · 4 steps
    1. Mex ×3
    2. Wind ×2
    3. Wind ×2for Air
    4. Bot LabBot Labdone 1:11 · typical 1:13
  2. 2

    Bot Lab to Shipyard

    Economy
    • Metal Extractor1Mex
    • Wind Turbine1Wind
    Order
    1. ShipyardShipyard after 4 mex, 5 wind, 1 energy storagedone ~3:18, middle half 3:02–3:36
    Builders
    • Construction Bot3 Con bot
    • Graverobber2 Graverobber
    Army
    • Grunt1 Grunt

    Some games also: con turret (46%) · trasher (39%) · energy storage (36%)

    By 2:52 in all: 4 mex · 5 wind · 1 energy storage

    The example game in this phase · 6 steps
    1. GraverobberGraverobber ×3
    2. Construction BotCon bot ×2
    3. Con turret
    4. TrasherTrasher ×2
    5. Energy storage
    6. ShipyardShipyarddone 3:19 · typical 3:18
  3. 3

    Shipyard to 5:00

    Economy
    • Metal Extractor4Mex
    Order
    1. Bot LabEat Bot Lab
    Builders
    • Construction Ship1 Con ship
    Army
    • Riptide2 Frigate
    • Orca1 Submarine
    Other
    • Radar Tower1 Radar Tower

    Some games also: missile corvette (49%) · wind (49%) · Guard (48%) · destroyer (44%) · gunboat (39%)

    By 5:00 in all: 8 mex · 6 wind · 1 energy storage · 1 con turret

    The example game in this phase · 20 steps
    1. Construction BotCon bot
    2. Wind
    3. Construction BotCon bot
    4. Wind
    5. SupporterGunboat
    6. GruntGrunt
    7. SupporterGunboat
    8. Wind
    9. Bot LabEat Bot Labreclaimed for its metal
    10. SupporterGunboat
    11. Wind
    12. Construction ShipCon ship
    13. Death CavalryDeath Cavalry
    14. Mex ×2
    15. HerringMissile corvette
    16. Mex
    17. OrcaSubmarinedone 5:16 · typical 4:17
    18. Con turret
    19. Mex
    20. Naval Radar / Sonar TowerNaval Radar / Sonar Tower
  4. 4

    5:00 to 10:00

    Economy
    • Metal Extractor2Mex
    • Wind Turbine8Wind
    • Energy Converter2Converter
    Order
    1. Geothermal PowerplantGeo after 9 mex, 9 wind, 2 converterin 53% of games
    Builders
    • Construction Turret1 Con turret
    • Death Cavalry2 Death Cavalry
    • Construction Ship1 Con ship
    Army
    • Guard1 Guard
    • Riptide5 Frigate
    Other
    • Naval Radar / Sonar Tower2 Naval Radar / Sonar Tower

    Some games also: Thistle (39%) · submarine (32%)

    By 10:00 in all: 10 mex · 15 wind · 1 geo · 4 converter · 1 energy storage · 2 con turret

    The example game in this phase · 67 steps
    1. RiptideFrigatedone 5:45 · typical 4:40
    2. Mex
    3. ThistleThistle
    4. RiptideFrigate
    5. Mex
    6. OppressorDestroyerdone 6:24 · typical 5:54
    7. Mex
    8. JellyfishJellyfish
    9. GuardGuard
    10. RiptideFrigate
    11. GuardGuard
    12. Geothermal PowerplantGeodone 7:34 · typical 8:13
    13. GuardGuard ×2
    14. RiptideFrigate
    15. JellyfishJellyfish
    16. Advanced Metal ExtractorT2 mexdone 8:41 · typical 9:25
    17. Converter ×2
    18. OppressorDestroyer
    19. Converter
    20. Naval Radar / Sonar TowerNaval Radar / Sonar Tower
    21. Converter
    22. GuardGuard
    23. Con turret
    24. Naval Construction Turret
    25. Advanced Metal ExtractorT2 mex
    26. Con turret
    27. Death CavalryDeath Cavalry
    28. Naval Construction Turret
    29. OppressorDestroyer
    30. Advanced Metal ExtractorT2 mex
    31. Death CavalryDeath Cavalry
    32. SupporterGunboat
    33. RiptideFrigate
    34. SupporterGunboat
    35. RiptideFrigate
    36. Advanced Metal ExtractorT2 mex
    37. SupporterGunboat
    38. RiptideFrigate ×2
    39. OrcaSubmarine
    40. Naval Construction Turret
    41. SupporterGunboat
    42. RiptideFrigate ×3
    43. Advanced Metal ExtractorT2 mex
    44. RiptideFrigate ×7
    45. Advanced Metal ExtractorT2 mex
    46. RiptideFrigate ×4
    47. Con turret
    48. Advanced ShipyardAdvanced Shipyarddone 13:38
    49. Con turret
    50. RiptideFrigate
    51. Con turret
    52. SupporterGunboat ×2
    53. CitadelAnti-nukenot finished by 15:00
    54. SupporterGunboat
    55. RiptideFrigate
    56. Death CavalryDeath Cavalry
    57. PathfinderPathfinder
    58. HerringMissile corvette
    59. Advanced Construction SubAdvanced Construction Sub
    60. Death CavalryDeath Cavalry
    61. DespotBattleshipdone 14:39
    62. Death CavalryDeath Cavalry
    63. Naval Radar / Sonar TowerNaval Radar / Sonar Tower
    64. DespotBattleship
    65. Death CavalryDeath Cavalry
    66. SlingshotSlingshot
    67. EllysawFrigate

Counts are medians over the build's games: half of them build more, half fewer. The example game is ITz_Mythocondria's (34 OS, 27/09/2026); pick another.

Team trades

IN AT LEAST 30% OF ITS GAMES

You hand over

  • Wind Turbine2 Wind to Airfirst at 1:44 · in 72% of games

You get

  • Finch1 Finch from Airfirst at 1:52 · in 82% of games
  • Hercules1 Light transport from Airfirst at 1:59 · in 76% of games
  • Advanced Construction Bot1 T2 con bot from Techfirst at 7:44 · in 90% of games

How it plays out

Typical game of this build, running totals by minute

Metal produced

010k20k30k
0:005:0010:0015:00

metal

Enemy metal destroyed

05k10k
0:005:0010:0015:00

metal

Own metal lost

02.5k5k7.5k
0:005:0010:0015:00

metal

2066 games.

Show as table
ByMetal produced: This buildEnemy metal destroyed: This buildOwn metal lost: This build
1:0039800
2:0092900
3:00155700
4:002865051
5:00406614652
6:005414440232
7:006890905543
8:0085731547908
9:001040824581353
10:001253035282022
11:001507247082804
12:001801760503661
13:002121672254375
14:002477884365224
15:002858596396201
WHAT THE NUMBERS SAY

This is the role's own baseline, winning a bit over half its games with steady eco scaling and sea trades roughly matching losses.

  • + Team wins slightly over half of games played.
  • + Metal production scales from ~4k to ~29.5k by 15:00.
  • − Own metal lost climbs to 6875 by 15:00, matching kills closely.
  • − T2 factory only reached in 40% of games, limiting late power.
THE EXAMPLE YOU ARE READING

ITz_Mythocondria

33.9 OS · 27/09/2026

Open source match ↗

4 received units · includes a constructor
4902 metal received · 118946 energy received

Allied construction assistance is unknown. Timings are observations, not a promise of solo reproducibility.

Typical milestones

Bot Lab1:13Middle 50%: 1:07–1:25 · n=2039
Shipyard3:18Middle 50%: 3:02–3:36 · n=2057
Orca4:17Middle 50%: 3:52–5:00 · n=1397
Riptide4:40Middle 50%: 4:09–5:22 · n=2013
Oppressor5:54Middle 50%: 5:11–6:40 · n=1890
Geothermal Powerplant8:13Middle 50%: 7:13–9:26 · n=1343
Advanced Metal Extractor9:25Middle 50%: 8:48–10:21 · n=1801

Played most by

SHOGVN221games of this buildsirniho126games of this buildElpoloow118games of this buildOptimusprimenutt95games of this buildhihimik72games of this build
Standard geo sea · Cortex Geo sea build order · BAR Build Atlas